 Dungeon Crawl Stone Soup version 0.28.0-45-g0d030f2227 (webtiles) character file.

Game seed: 8038221451630431788

2244 MisterFreud the Changer (level 9, -3/85 HPs)
             Began as a Pale Draconian Transmuter on May 27, 2022.
             Was an Initiate of Ru.
             Slain by an orc warrior
             ... wielding a +1 glaive of protection
              (20 damage)
             ... on level 6 of the Dungeon.
             The game lasted 00:11:26 (7596 turns).

MisterFreud the Changer (Pale Draconian Transmuter) Turns: 7596, Time: 00:11:27

Health: -3/85      AC:  6    Str: 12    XL:     9   Next: 14%
Magic:  21/24      EV: 12    Int: 15    God:    Ru [......]
Gold:   369        SH:  0    Dex: 15    Spells: 6/16 levels left

rFire   x . .      SeeInvis .     - Unarmed
rCold   + + +      Faith    .   (shield currently unavailable)
rNeg    . . .      Spirit   .   (armour unavailable)
rPois   +          Reflect  .   (helmet currently unavailable)
rElec   .          Harm     .   (cloak currently unavailable)
rCorr   .          Rampage  .   (gloves currently unavailable)
Will    .....                   (boots currently unavailable)
Stlth   +.........              (no amulet)
HPRegen 0.24/turn               g - ring of wizardry
MPRegen 0.19/turn               a - ring of magical power

@: ice-form
A: freezing attack, amphibious, boosted hp, (breathe steam), AC +7, large,
unfitting armour, (cold-blooded), (steam resistance)
a: End Transformation, Renounce Religion


You were on level 6 of the Dungeon.
You worshipped Ru.
Ru was noncommittal.
You were a creature of crystalline ice.
You visited 2 branches of the dungeon, and saw 7 of its levels.
You also visited: Sewer.

You collected 369 gold pieces.

Inventory:

Missiles
 e - a silver boomerang
 h - 18 poisoned darts
 m - 6 boomerangs
 r - 2 curare-tipped darts
Armour
 k - a +0 cloak (melded)
Jewellery
 a - a ring of magical power (right front paw)
 g - a ring of wizardry (left front paw)
 j - a ring of flight
 x - a ring of fire
Wands
 i - a wand of flame (19)
 n - a wand of charming (9)
Scrolls
 f - 2 scrolls of identify
Potions
 b - a potion of lignification
 d - 2 potions of mutation {unknown}
 o - 4 potions of curing
 p - 2 potions of magic {unknown}
 q - a potion of haste
 u - 2 potions of brilliance
 w - 3 potions of attraction


   Skills:
 - Level 4.0 Fighting
 - Level 6.0 Dodging
 - Level 6.0 Unarmed Combat
 - Level 4.0 Spellcasting
 + Level 7.6 Transmutations


You had 6 spell levels left.
You knew the following spells:

 Your Spells              Type           Power      Damage    Failure   Level
a - Beastly Appendage     Tmut           50%        N/A       1%          1
b - Wereblood             Tmut           25%        N/A       1%          2
c - Spider Form           Tmut/Pois      14%        N/A       4%          3
d - Ice Form              Ice/Tmut       14%        N/A       16%         4

Your spell library contained the following spells:

 Spells                   Type           Power      Damage    Failure   Level


Dungeon Overview and Level Annotations

Branches:
Dungeon (6/15)             Temple (1/1) D:5           Sewer (visited)

Altars:
Ashenzari
Cheibriados
Dithmenos
Elyvilon
Fedhas
Gozag
Makhleb
Nemelex Xobeh
Okawaru
Ru
Sif Muna
Uskayaw
Vehumet
Wu Jian
Xom
Zin
The Shining One

Shops:
D:1 [

Annotations:
D:6 1 runed translucent door


Innate Abilities, Weirdness & Mutations

You are a creature of crystalline ice.
You have a powerful freezing melee attack.
You are amphibious.
Your maximum health is increased.
Your armour is entirely melded.
You are incapable of wielding weapons or throwing items.
((You can breathe blasts of scalding, opaque steam.))
((Your pale cyan-grey scales are hard. (AC +7)))
You cannot fit into any form of body armour.
((You are cold-blooded and may be slowed by cold attacks.))
((You are immune to the effects of steam.))


Message History

The orc warrior hits you with a +1 glaive of protection!!
* * * LOW HITPOINT WARNING * * *
You hit the orc warrior but do no damage.
The orc warrior is severely wounded.
The orc warrior hits you with a +1 glaive of protection.
* * * LOW HITPOINT WARNING * * *
The orc priest miscasts a cantrip.
You are too injured to fight recklessly!
You barely miss the orc warrior.
The orc warrior is severely wounded.
You have got your breath back.
The orc warrior misses you.
You hit the orc warrior but do no damage.
The orc warrior is severely wounded.
You hit the orc warrior but do no damage.
The orc warrior is severely wounded.
The orc warrior barely misses you.
The orc priest calls upon Beogh to heal the orc warrior.
The orc warrior is healed somewhat.
You hit the orc warrior. You freeze the orc warrior.
The orc warrior is severely wounded.
The orc warrior hits you with a +1 glaive of protection.
* * * LOW HITPOINT WARNING * * *
You hit the orc warrior. You freeze the orc warrior.
The orc warrior is almost dead.
The orc warrior completely misses you.
You feel much better.
The orc warrior hits you with a +1 glaive of protection!
* * * LOW HITPOINT WARNING * * *
The orc priest miscasts a cantrip.
You hit the orc warrior but do no damage.
The orc warrior is almost dead.
The orc warrior hits you with a +1 glaive of protection!
* * * LOW HITPOINT WARNING * * *
The orc priest calls upon Beogh to heal the orc warrior.
The orc warrior is healed somewhat.
You hit the orc warrior but do no damage.
The orc warrior is severely wounded.
The orc warrior hits you with a +1 glaive of protection!!
You die...

####.# ####.### #.#
.......# #####.##
.......# ......)..
.......# #........
.......###........
##.........# #o#
#.........# #o#
##.........# #Y#
...........#####'#####
##...................#
#.................$.#
##########.............
#..........###
#...........#
#.#########.# #.# .#


You could see an orc warrior and an orc priest.

Vanquished Creatures
  A wyvern (D:5)
  A water moccasin (D:6)
  An orc warrior (D:6)
  An ice beast (D:6)
  2 necrophages
  3 ogres
  A centaur (D:5)
  Blork the orc (D:4)
  4 kobold brigands (Sewer)
  A centaur zombie (D:5)
  4 hounds
  A jelly (D:5)
  4 orc priests
  Crazy Yiuf (D:2)
  2 centaur skeletons
  Ijyb (D:4)
  2 iguanas
  5 orc wizards
  4 gnolls (D:5)
  A howler monkey skeleton (D:6)
  12 adders
  A river rat (D:4)
  A white imp (D:5)
  An ufetubus (D:5)
  An adder skeleton (D:4)
  3 worms
  5 dart slugs
  32 orcs
  17 ball pythons
  16 endoplasms
  5 giant cockroaches
  11 goblins
  6 hobgoblins
  7 jackals (D:1)
  9 kobolds
  3 quokkas
  5 bats
  4 frilled lizards
  10 rats
190 creatures vanquished.

Notes
Turn   | Place    | Note
-------+----------+-------------------------------------------
     0 | D:1      | MisterFreud the Draconian Transmuter began the quest for
                  | the Orb.
     0 | D:1      | Reached XP level 1. HP: 16/16 MP: 3/3
   106 | D:1      | Found Reumm's Antique Armour Boutique.
   336 | D:1      | Reached XP level 2. HP: 23/23 MP: 3/5
   784 | D:1      | Reached skill level 3 in Transmutations
  1044 | D:1      | Reached XP level 3. HP: 21/28 MP: 4/6
  2103 | D:2      | Found a runed translucent door.
  2104 | D:2      | Noticed Crazy Yiuf
  2203 | D:2      | Learned a level 2 spell: Wereblood
  2207 | D:2      | Learned a level 3 spell: Spider Form
  2508 | D:2      | Killed Crazy Yiuf
  2509 | D:2      | Reached skill level 4 in Transmutations
  2509 | D:2      | Reached XP level 4. HP: 20/35 MP: 3/7
  2672 | D:3      | Noticed a necrophage
  3011 | D:3      | Killed a necrophage
  3012 | D:3      | Reached skill level 5 in Transmutations
  3012 | D:3      | Reached XP level 5. HP: 32/45 MP: 3/8
  3298 | D:3      | Found an opulent altar of Gozag.
  3340 | D:3      | Found an ornate altar of the Wu Jian Council.
  3427 | D:3      | Reached XP level 6. HP: 30/52 MP: 9/9
  3942 | D:4      | HP: 2/78 [poisoned by an orc wizard]
  4229 | D:4      | Found a blossoming altar of Fedhas.
  4458 | D:4      | Found a glowing drain.
  4462 | Sewer    | Entered a sewer
  4651 | Sewer    | Reached skill level 5 in Unarmed Combat
  4763 | Sewer    | Your scales start taking on a pale cyan-grey colour.
  4763 | Sewer    | Reached XP level 7. HP: 21/59 MP: 10/10
  4763 | Sewer    | Gained mutation: You are immune to the effects of steam.
                  | [Pale Draconian growth]
  5514 | D:4      | Noticed Ijyb
  5525 | D:4      | Killed Ijyb
  5538 | D:4      | Noticed Blork the orc
  5544 | D:4      | Killed Blork the orc
  5813 | D:4      | Reached XP level 8. HP: 66/66 MP: 11/11
  6141 | D:5      | Entered Level 5 of the Dungeon
  6363 | D:5      | Found a staircase to the Ecumenical Temple.
  6431 | Temple   | Entered the Ecumenical Temple
  6508 | Temple   | Became a worshipper of Ru the Awakened
  6587 | D:5      | Reached skill level 5 in Dodging
  6587 | D:5      | Reached skill level 6 in Transmutations
  6967 | D:5      | Learned a level 4 spell: Ice Form
  7319 | D:6      | Reached XP level 9. HP: 69/71 MP: 15/15
  7321 | D:6      | Reached skill level 7 in Transmutations
  7509 | D:6      | Found a runed translucent door.
  7596 | D:6      | Slain by an orc warrior

Illustrated notes

Levels and vault maps discovered:
D:1:      elethiomel_arrival_maze, layout_basic, serial_shops,
          nicolae_shop_trees
D:2:      minmay_wonky_spiral, layout_loops_ring,
          minmay_misc_feat_secret_circle, uniq_crazy_yiuf_cottage
D:3:      layout_rooms, grunt_temple_overflow_open
D:4:      cheibrodos_pilgrimage, layout_cave_pools,
          nicolae_overflow_crystal_walls, gup_sewer_entry_spiral,
          nzn_random_ring, uniq_blork_the_orc, uniq_ijyb
D:5:      layout_loops_ring, minmay_temple_entry_hall
D:6:      layout_basic, jmf_multi_god_temple, mainiacjoe_overflow_alcove_1,
          ebering_ghost_sewer_d
Temple:   nicolae_temple_great_sept

Skill      XL: |  1  2  3  4  5  6  7  8  9 |
---------------+----------------------------+-----
Transmutations | 3 4 5 6 7 |  7.6
Fighting       | 3 4 |  4.0
Unarmed Combat | 5 6 |  6.0
Dodging        | 4 6 |  6.0
Spellcasting   | 4 |  4.0

Action                   |  1- 3 |  4- 6 |  7- 9 || total
-------------------------+-------+-------+-------++-------
Melee: Unarmed           |   146 |   259 |   145 ||   550
       Tailslap          |    12 |    21 |    18 ||    51
       Kick              |    19 |     3 |     2 ||    24
       Headbutt          |    10 |     1 |     1 ||    12
       Punch             |     2 |     4 |     7 ||    13
 Cast: Beastly Appendage |    27 |     3 |     1 ||    31
       Spider Form       |     1 |     9 |     6 ||    16
       Ice Form          |       |       |     3 ||     3
 Abil: Breathe Steam     |       |       |    34 ||    34
  Use: Potion            |       |     8 |     1 ||     9
       Scroll            |       |       |     9 ||     9
Armor: Skin              |    44 |    87 |    38 ||   169
Dodge: Dodged            |   101 |   180 |    88 ||   369
